 Dungeon Crawl Stone Soup version 0.26.0-10-g1f06aea511 (webtiles) character file.

Game seed: 3071721846271536025

357 Dracia the Poker (level 6, -12/47 HPs)
             Began as a Demonspawn Monk on Jan 16, 2021.
             Mangled by an ogre
             ... wielding a +0 giant club
              (18 damage)
             ... on level 4 of the Dungeon.
             The game lasted 00:05:01 (2845 turns).

Dracia the Poker (Demonspawn Monk)                  Turns: 2845, Time: 00:05:02

Health: -12/47     AC:  8    Str: 14    XL:     6   Next: 36%
Magic:  6/6        EV:  7    Int: 11    God:
Gold:   205        SH:  0    Dex: 15    Spells: 5/5 levels left

rFire    . . .     SeeInvis .   a - +0 spear
rCold    . . .     Faith    .   (no shield)
rNeg     . . .     Spirit   .   g - +0 chain mail
rPois    .         Reflect  .   (no helmet)
rElec    .         Harm     .   (no cloak)
rCorr    .         Rampage  .   (no gloves)
Will     .....                  (no boots)
Stlth    ..........             (no amulet)
HPRegen  0.15/turn              Z - ring of wizardry
MPRegen  0.10/turn              (no ring)

@: no status effects
A: hooves 1, powered by death 1
a: no special abilities


You were on level 4 of the Dungeon.
You visited 1 branch of the dungeon, and saw 4 of its levels.
You also visited: Sewer.

You collected 205 gold pieces.


Innate Abilities, Weirdness & Mutations

You have large cloven feet.
You regenerate a little health from kills.


   Skills:
 - Level 3.0 Fighting
 + Level 6.6 Polearms
 - Level 2.6 Dodging
 - Level 1.7 Stealth


You had 5 spell levels left.
You didn't know any spells.
Your spell library contained the following spells:

 Spells                   Type           Power        Failure   Level
 Confusing Touch          Hex            0%           100%        3
 Gell's Gravitas          Tloc           0%           100%        3
 Petrify                  Tmut/Erth      0%           100%        4
 Metabolic Englaciation   Hex/Ice        0%           100%        5
 Yara's Violent Unravell  Hex/Tmut       0%           100%        5

Inventory:

Hand Weapons
 a - a +0 spear (weapon)
 b - a +0 hunting sling
Missiles
 e - 13 poisoned darts (quivered)
 l - 134 stones
Armour
 g - a +0 chain mail (worn)
 n - a +0 robe
Jewellery
 Z - a ring of wizardry (left hand)
Scrolls
 f - 2 scrolls of magic mapping
 h - 2 scrolls of remove curse {@r2@r2}
 j - 4 scrolls of identify {@r1@r1}
 m - a scroll of enchant armour {unknown}
Potions
 d - 2 potions of mutation {unknown}

Dungeon Overview and Level Annotations

Branches:
Dungeon (4/15)              Sewer (visited)
 Temple: D:4-7

Altars:
Cheibriados
Hepliaklqana
Nemelex Xobeh
Wu Jian
Yredelemnul

##..# #...
#########...# #...
#.......†...# #...
#.#######.### #.. #.#
#.# #.## #.#
###.########... #.#
#........(.....
##.#####.#........#.#.
#....@O..########.#.#.
#..####### #.#.#.
#..##### #.#.#.
#..†...# ###.....
##.###.########.......
#..................#.
#####.#..######.####.
#.#..# #.# #. #..(.#
#.# #.


You could see an ogre (poisoned).


Message History

* * * LOW HITPOINT WARNING * * *
Unknown command.
Okay, then.
As you read the scroll labelled IKHE XOARIARO, it crumbles to dust.
You assume a fearsome visage.
The ogre looks frightened!
It was a scroll of fear.
You start resting.
An ogre is nearby!
Unknown command.
Okay, then.
Throw: 16 darts (poison)
Press: ? - help, Q - select action, (/) - cycle Shift-Dir - straight line, f/p - ogre
Aim: an ogre, wielding a +0 giant club (heavily wounded)
You throw a poisoned dart.
The poisoned dart barely misses the ogre.
Unknown command.
Throw: 15 darts (poison)
Press: ? - help, Q - select action, (/) - cycle Shift-Dir - straight line, f/p - ogre
Aim: an ogre, wielding a +0 giant club (heavily wounded)
You throw a poisoned dart. The poisoned dart hits the ogre.
The ogre is heavily wounded.
Unknown command.
Throw: 14 darts (poison)
Press: ? - help, Q - select action, (/) - cycle Shift-Dir - straight line, f/p - ogre
Aim: an ogre, wielding a +0 giant club (heavily wounded)
You throw a poisoned dart. The poisoned dart hits the ogre.
The ogre is poisoned.
The ogre is heavily wounded.
The ogre hits you with a +0 giant club!!
You die...

Skill      XL: |  1  2  3  4 |
---------------+-------------+-----
Polearms       | 3 4 6 |  6.6
Fighting       | |  3.0
Dodging        | |  2.6
Stealth        | |  1.7

Action                   |  1- 3 |  4- 6 || total
-------------------------+-------+-------++-------
Melee: Spear             |   183 |   196 ||   379
       Kick              |       |     9 ||     9
Throw: Dart              |       |     3 ||     3
  Use: Scroll            |     5 |     2 ||     7
       Potion            |       |     8 ||     8
 Stab: Sleeping          |     1 |       ||     1
Armor: Chain mail        |    78 |   139 ||   217
       Robe              |     1 |       ||     1
Dodge: Dodged            |    45 |    60 ||   105

Levels and vault maps discovered:
D:1:      eino_arrival_cavern_a, layout_rooms
D:2:      layout_rooms, old_standard_altar, nzn_wu_jian_contemplation
D:3:      layout_basic, yredelemnul_forgotten_temple_becter, old_standard_altar,
          gup_sewer_entry_glass, nemelex_xobeh_ov_fountains_minmay
D:4:      layout_loops_ring, temple_green

Notes
Turn   | Place    | Note
-------+----------+-------------------------------------------
     0 | D:1      | Dracia the Demonspawn Monk began the quest for the Orb.
     0 | D:1      | Reached XP level 1. HP: 18/18 MP: 1/1
    51 | D:1      | Reached skill level 3 in Polearms
   165 | D:1      | Gained mutation: You regenerate a little health from kills.
                  | [demonic ancestry]
   165 | D:1      | Reached XP level 2. HP: 24/24 MP: 2/2
   518 | D:2      | Found a snail-covered altar of Cheibriados.
   652 | D:2      | Reached XP level 3. HP: 23/29 MP: 3/3
   715 | D:2      | Reached skill level 4 in Polearms
  1097 | D:2      | Found an ornate altar of the Wu Jian Council.
  1328 | D:3      | Reached XP level 4. HP: 26/35 MP: 4/4
  1350 | D:3      | Found a hazy altar of Hepliaklqana.
  1423 | D:3      | Found a sparkling altar of Nemelex Xobeh.
  1446 | D:3      | Found a glowing drain.
  1471 | D:3      | Reached skill level 5 in Polearms
  1524 | Sewer    | Entered a sewer
  1561 | Sewer    | Noticed a water moccasin
  1583 | Sewer    | HP: 3/35 [water moccasin (5)]
  1597 | Sewer    | Killed a water moccasin
  1598 | Sewer    | Reached skill level 6 in Polearms
  1598 | Sewer    | Reached XP level 5. HP: 11/41 MP: 5/5
  2042 | D:3      | Found a basalt altar of Yredelemnul.
  2077 | D:3      | Noticed a centaur
  2100 | D:3      | Killed a centaur
  2101 | D:3      | Gained mutation: You have large cloven feet. [demonic
                  | ancestry]
  2101 | D:3      | Reached XP level 6. HP: 11/47 MP: 6/6
  2818 | D:4      | HP: 2/47 [ogre/+0 giant club (4)]
  2845 | D:4      | Mangled by an ogre

Vanquished Creatures
  A water moccasin (Sewer)
  A centaur (D:3)
  An iguana (D:4)
  7 adders
  2 worms
  A leopard gecko (D:1)
  7 orcs (D:3)
  5 giant cockroaches
  10 goblins
  6 hobgoblins
  3 jackals (D:3)
  2 quokkas (D:2)
  8 bats
  2 frilled lizards (D:1)
  9 kobolds
  7 rats
  A spectral orc (D:3)
73 creatures vanquished.

Table legend: (Time is in decaauts)
 A = Elapsed time spent in this place.
 B = Non-inter-level travel time spent in this place.
 C = Inter-level travel time spent in this place.
 D = Time resting spent in this place.
 E = Time spent auto-exploring this place.
 F = Levels seen in this place.
 G = Mean time per level.
                   A        B        C        D        E       F      G
               +--------+--------+--------+--------+--------+-----+--------+
         Total |   2810 |   2738 |     72 |    530 |   1575 |   5 |  562.0 |
       Dungeon |   2420 |   2348 |     72 |    258 |   1516 |   4 |  605.0 |
         Sewer |    390 |    390 |      0 |    272 |     59 |   1 |  390.0 |
               +--------+--------+--------+--------+--------+-----+--------+

Top non-repeatable levels by time:
     D:3: 1004 daAuts
     D:2: 762 daAuts
     D:1: 498 daAuts
   Sewer: 390 daAuts
     D:4: 155 daAuts

Table legend:
 A = Non-vault XP
 B = Vault XP
 C = Vault XP percentage of total XP
 D = Non-vault monster count
 E = Vault monster count
 F = Vault count percentage of total count
                 A         B        C        D         E       F
            +---------+---------+-------+---------+---------+-------
      Total |     305 |     205 |  40.2 |      61 |      12 |  16.4
            +---------+---------+-------+---------+---------+-------
        D:1 |      29 |       0 |   0.0 |      19 |       0 |   0.0
        D:2 |      45 |       0 |   0.0 |      13 |       0 |   0.0
        D:3 |     191 |      45 |  19.1 |      27 |       6 |  18.2
        D:4 |      40 |       0 |   0.0 |       2 |       0 |   0.0
      Sewer |       0 |     160 | 100.0 |       0 |       6 | 100.0
            +---------+---------+-------+---------+---------+-------
